AoeStats
← villameduusa

Lombardia

510142483Analyzed
2v2 RM · 2d ago on Sep 29, 2026· 79m 4s· 4 players
Game mode
Random Map
Map size
Medium (4 player)
Population
200
Speed
Normal
Resources
Standard
Victory
Conquest
Starting age
Dark Age
Ending age
Imperial Age
RankedLock teamsTeams togetherTeam positionsShared explorationLock speedFull tech treeHidden civsTurbo modeCheats
Victory
Defeat
🇫🇮 Burgundians · Finland
807
+17
🇫🇮 Vietnamese · Finland
807
+17
🇨🇭 Gurjaras · Switzerland
844
-17
🇫🇷 Magyars · France
819
-17
chirbe
10:52 Feudal Age
9:17 Loom
11:40 Double-Bit Axe
11:39 Horse Collar
22:09 Castle Age
21:05 Scale Mail Armor
23:43 Squires
23:05 Pikeman
25:29 Scale Barding Armor
25:35 Forging
28:12 Wheelbarrow
29:32 Cavalier
30:35 Chain Barding Armor
30:20 Husbandry
34:15 Iron Casting
44:58 Imperial Age
44:07 Chain Mail Armor
43:43 Fletching
47:21 Bodkin Arrow
48:30 Chemistry
47:11 Paladin
49:34 Halberdier
52:06 Gold Mining
55:44 Plate Barding Armor
55:39 Plate Mail Armor
56:10 Blast Furnace
55:27 Bow Saw
55:22 Heavy Plow
55:11 Town Watch
60:41 Hoardings
60:31 Conscription
60:44 Caravan
71:02 Ballistics
73:32 Murder Holes
73:48 Masonry
villameduusa
9:54 Feudal Age
8:10 Loom
11:09 Double-Bit Axe
17:12 Castle Age
15:21 Horse Collar
18:19 Gold Mining
17:57 Pikeman
19:53 Bow Saw
24:18 Wheelbarrow
24:45 Scale Mail Armor
26:26 Crossbowman
27:33 Forging
27:46 Heavy Plow
29:47 Fletching
31:46 Hand Cart
34:27 Imperial Age
31:44 Elite Skirmisher
32:28 Padded Archer Armor
34:20 Bodkin Arrow
34:57 Imperial Skirmisher
37:23 Bracer
38:18 Leather Archer Armor
38:17 Town Watch
40:55 Ballistics
41:37 Chemistry
42:39 Thumb Ring
42:00 Halberdier
43:46 Hand Cart
46:27 Siege Engineers
47:24 Ring Archer Armor
46:56 Scale Mail Armor
50:22 Chain Mail Armor
50:43 Iron Casting
51:23 Squires
67:18 Town Patrol
71:38 Plate Mail Armor
78:03 Paper Money
Anz
11:39 Feudal Age
12:09 Double-Bit Axe
15:11 Bloodlines
15:08 Scale Barding Armor
16:58 Horse Collar
17:55 Wheelbarrow
21:30 Castle Age
22:27 Bow Saw
22:20 Heavy Plow
23:57 Padded Archer Armor
23:48 Fletching
23:29 Light Cavalry
25:13 Crossbowman
29:45 Corvinian Army
31:04 Leather Archer Armor
30:45 Bodkin Arrow
31:11 Town Watch
32:50 Pikeman
41:18 Imperial Age
42:25 Hand Cart
42:24 Scale Mail Armor
44:09 Chain Barding Armor
43:50 Bracer
47:40 Two-Man Saw
48:55 Elite Magyar Huszar
49:07 Elite Skirmisher
54:05 Ring Archer Armor
59:06 Crop Rotation
62:43 Heated Shot
67:18 Halberdier
68:16 Chain Mail Armor
75:30 Thumb Ring
Black
10:16 Loom
12:48 Feudal Age
17:10 Castle Age
15:25 Double-Bit Axe
16:20 Horse Collar
19:18 Husbandry
20:51 Wheelbarrow
21:53 Scale Barding Armor
22:04 Bloodlines
22:24 Hand Cart
22:42 Forging
22:50 Town Watch
24:21 Gold Mining
26:31 Heavy Plow
27:36 Padded Archer Armor
28:46 Leather Archer Armor
29:41 Bow Saw
29:49 Fletching
30:33 Thumb Ring
31:31 Bodkin Arrow
37:16 Town Patrol
42:47 Kshatriyas
45:19 Imperial Age
44:19 Iron Casting
45:31 Siege Elephant
46:19 Bracer
45:48 Heavy Camel Rider
47:08 Conscription
49:15 Elite Chakram Thrower
51:54 Chain Barding Armor
55:22 Gold Shaft Mining
58:09 Caravan
66:19 Light Cavalry
67:51 Plate Barding Armor
67:10 Hussar
Connection lost

Rejoining the realm…

Still unreachable

The connection could not be restored.

Session expired

The server has moved on; the page needs a fresh start.